 Dungeon Crawl Stone Soup version 0.22-a0-389-g8519d86 (webtiles) character file.

108409 Kairos the Severer (level 16, -28/87 HPs)
             Began as a Vine Stalker Fighter on Apr 30, 2018.
             Was a High Priest of Okawaru.
             Killed from afar by a balrug (45 damage)
             ... with a fireball
             ... summoned by Asterion
             ... on level 4 of the Snake Pit.
             The game lasted 01:12:39 (20403 turns).

Kairos the Severer (Vine Stalker Fighter)          Turns: 20403, Time: 01:12:40

Health: -28/87     AC: 31    Str: 32    XL:     16   Next: 49%
Magic:  0/19       EV: 13    Int: 14    God:    Okawaru [*****.]
Gold:   1556       SH: 13    Dex: 10    Spells: 15/15 levels left

rFire    . . .     SeeInvis .   a - +1 war axe
rCold    . . .     Gourm    .   U - +2 buckler of Gybo Yco {rElec Str+2 Int+4 Dex-4}
rNeg     . . .     Faith    .   R - +10 plate armour of Poor Excuses {rPois Slay+2 Stlth+}
rPois    +         Spirit   +   E - +2 hat
rElec    +         Reflect  +   v - +0 cloak
rCorr    .         Harm     .   O - +1 pair of gloves {archery}
MR       ++...                  W - +0 pair of boots {Fly}
Stlth    ..........             J - +4 amulet of reflection
HPRegen  1.04/turn              o - +3 ring of evasion
MPRegen  0.16/turn              u - +4 ring of strength

@: lethally poisoned (-28 -> -28), finesse, flying
A: fangs 3, hooves 1, blink, clever 1, regeneration 2, wild magic 1, magic
shield, antimagic bite, no potion heal 3, rot immunity
a: Blink, Heroism, Finesse, Renounce Religion, Stop Flying


You were on level 4 of the Snake Pit.
You worshipped Okawaru.
Okawaru was extremely pleased with you.
You were not hungry.

You visited 4 branches of the dungeon, and saw 20 of its levels.
You also visited: Volcano.

You collected 1866 gold pieces.
You spent 310 gold pieces at shops.

Inventory:

Hand Weapons
 a - a +1 war axe (weapon)
 n - a +1 morningstar
 y - a +1 vampiric hand axe
 D - a +0 whip of venom
 F - a +3 dire flail of holy wrath
Armour
 v - a +0 cloak (worn)
 E - a +2 hat (worn)
 O - a +1 pair of gloves of archery (worn)
 R - the +10 plate armour of Poor Excuses (worn) {rPois Slay+2 Stlth+}
   (You found it on level 1 of the Lair of Beasts)

   It affects your accuracy and damage with ranged weapons and melee attacks
   (+2).
   It protects you from poison.
   It makes you more stealthy.
 T - the +0 ring mail "Goskocah" {rN+ rCorr Dex-3}
   (Okawaru gifted it to you on level 3 of the Snake Pit)

   It affects your dexterity (-3).
   It protects you from negative energy.
   It protects you from acid and corrosion.
 U - the +2 buckler of Gybo Yco (worn) {rElec Str+2 Int+4 Dex-4}
   (Okawaru gifted it to you on level 6 of the Lair of Beasts)

   It affects your strength (+2).
   It affects your intelligence (+4).
   It affects your dexterity (-4).
   It insulates you from electricity.
 W - a +0 pair of boots of flying (worn)
 Y - a +3 shield
Jewellery
 h - an uncursed ring of positive energy
 k - a +5 ring of dexterity
 o - a +3 ring of evasion (left hand)
 u - a +4 ring of strength (right hand)
 I - an uncursed amulet of rage
 J - a +4 amulet of reflection (around neck)
 M - an uncursed ring of protection from cold
 Q - an uncursed ring of fire
 S - the amulet of Errysiol {RegenMP rPois MR+ Dex+4 SInv}
   (You found it on level 1 of the Lair of Beasts)

   [amulet of magic regeneration]

   It increases your magic regeneration.
   It affects your dexterity (+4).
   It protects you from poison.
   It affects your resistance to hostile enchantments.
   It lets you see invisible.
Wands
 i - a wand of paralysis (48)
 x - a wand of acid (6)
 C - a wand of digging (23)
 H - a wand of clouds (13)
 V - a wand of iceblast (13)
 X - a wand of enslavement (20)
Scrolls
 b - a scroll of summoning
 e - a scroll of fog
 m - 5 scrolls of teleportation
 t - 2 scrolls of magic mapping
 z - 3 scrolls of holy word
 B - a scroll of blinking
 K - 5 scrolls of remove curse
 L - a scroll of amnesia
 N - a scroll of brand weapon {unknown}
 P - a scroll of fear
Potions
 c - 3 potions of brilliance
 d - 8 potions of might
 g - 3 potions of invisibility
 j - 6 potions of haste
 l - 9 potions of curing
 p - 3 potions of resistance
 q - a potion of ambrosia {unknown}
 r - a potion of magic
 s - 5 potions of flight {unknown}
 w - 4 potions of lignification {unknown}
 A - a potion of mutation
 G - a potion of berserk rage {unknown}
 Z - a potion of cancellation {unknown}
Comestibles
 f - 35 rations


   Skills:
 + Level 11.2 Fighting
 + Level 15.9(16.1) Axes
 + Level 4.5(11.5) Maces & Flails
 + Level 9.5 Armour
 + Level 4.1 Dodging
 + Level 3.4 Stealth
 + Level 13.3 Shields
 + Level 3.4 Invocations
 + Level 1.7 Evocations


You had 15 spell levels left.
You didn't know any spells.

Dungeon Overview and Level Annotations

Branches:
Dungeon (9/15)             Temple (1/1) D:5            Lair (6/6) D:9
  Swamp (0/4) Lair:4        Snake (4/4) Lair:3        Slime (0/5) Lair:6
    Orc: D:9-12

Altars:
Ashenzari
Cheibriados
Dithmenos
Elyvilon
Fedhas
Gozag
Hepliaklqana
Kikubaaqudgha
Makhleb
Nemelex Xobeh
Okawaru
Qazlal
Ru
Sif Muna
Trog
Uskayaw
Vehumet
Wu Jian
Xom
Yredelemnul
Zin
The Shining One

Shops:
D:9 *

Annotations:
Lair:1 exclusion: 4 oklob plants
Snake:4 Asterion


Innate Abilities, Weirdness & Mutations

You have razor-sharp teeth.
You heal very quickly.
When hurt, damage is shared between your health and your magic reserves.
Your bite disrupts and absorbs the magic of your enemies.
Potions cannot restore your health.
You are immune to rotting.
You have large cloven feet.
You can translocate small distances at will.
Your mind is acute. (Int +2)
Your spells are a little harder to cast, but a little more powerful.


Message History

You feel sick.
You blink.
You feel slightly more hungry.
You feel sick.
You feel sick.
A naga comes into view. It is wielding a glaive.
The naga shouts!
You feel sick. The naga spits poison at you. The splash of poison misses you.
The balrug gestures at you. Makhleb smites you!
* * * LOW HITPOINT WARNING * * *
You feel like a meek peon again.
You feel sick.
Asterion prays to Makhleb.
Asterion seems to speed up.
The balrug gestures at you.
The fireball explodes!
The fireball engulfs you!
Ouch! That really hurt!
You die...

###'### ### ##
####.....#######.#####
...##...........##....##.#
....#...............#.......
...#.......÷.........#......
..#.......[....(....#...... ..
#.....N.(...........#..... ...
#...................#.....
....#......2.@................
....#.........#'#.......#.....
.....#.................#).....
......##.H...........##†).....
........##...).)..(##.........
..........###)..###(..........
.............#)#.............#
##.........................###
####...............(.(.####


You could see Asterion, a balrug and a naga.

Vanquished Creatures
  Gastronok (D:8)
  4 nagarajas
  Aizul (Snake:4)
  Snorg (Lair:3)
  7 naga warriors
  8 hydras
  A catoblepas (Lair:6)
  7 anacondas
  2 two-headed ogres
  A deep troll shaman (Lair:6)
  10 death yaks (Lair:6)
  5 naga sharpshooters
  7 shock serpents
  A sea snake (Lair:3)
  2 naga ritualists (Snake:3)
  A lindwurm (Lair:6)
  An orc sorcerer (Volcano)
  Pikel (D:8)
  11 mana vipers
  3 ugly things (Volcano)
  7 salamanders
  20 naga magi
  24 black mambas
  9 guardian serpents
  A smoke demon (Volcano)
  2 torpor snails (Lair:5)
  8 elephants
  Psyche (D:8)
  10 spiny frogs
  2 rime drakes
  8 komodo dragons
  3 red devils (Volcano)
  3 polar bears
  Prince Ribbit (D:6)
  Grinder (D:3)
  12 tyrant leeches (Lair:5)
  A slime creature (Lair:6)
  4 blink frogs (Lair:2)
  9 hippogriffs
  Sigmund (D:4)
  A wraith (D:8)
  45 yaks
  A wyvern (Lair:6)
  6 basilisks
  A hungry ghost (D:7)
  Menkaure (D:6)
  39 nagas
  4 swamp worms (Lair:5)
  Edmund (D:6)
  21 water moccasins
  9 porcupines
  An orc warrior (D:9)
  An ice beast (D:7)
  2 sky beasts
  2 black bears
  60 wolves
  2 ogres
  2 phantoms
  2 centaurs (D:6)
  9 crocodiles
  Blork the orc (D:5)
  7 bullfrogs
  2 scorpions (D:8)
  4 killer bees (D:7)
  5 wights (D:6)
  2 electric eels
  A centaur zombie (D:6)
  A crimson imp (D:5)
  3 jellies (Lair:6)
  6 hounds
  A centaur skeleton (D:4)
  3 orc priests
  Crazy Yiuf (D:3)
  2 bullfrog skeletons
  3 orc wizards
  Jessica (D:3)
  6 worker ants
  2 hound skeletons
  Robin (D:4)
  A worker ant zombie (D:7)
  18 adders
  2 shadow imps
  2 oozes
  2 worms
  2 adder skeletons (D:4)
  2 dart slugs (D:3)
  7 leopard geckos
  20 orcs
  5 ball pythons
  10 bats
  5 giant cockroaches
  7 hobgoblins
  12 jackals
  2 quokkas
  2 frilled lizards
  18 goblins
  6 kobolds
  2 leopard gecko skeletons
  A quokka zombie (D:7)
  18 rats
  2 fungi (Lair:2)
  A plant (Lair:1)
611 creatures vanquished.

Vanquished Creatures (others)
  A naga sharpshooter (Snake:1)
  A naga mage (Snake:4)
  A naga (Snake:4)
  A centaur (D:9)
  4 fungi
  11 plants
19 creatures vanquished.

Grand Total: 630 creatures vanquished

Notes
Turn   | Place    | Note
-------+----------+-------------------------------------------
     0 | D:1      | Kairos the Vine Stalker Fighter began the quest for the Orb.
     0 | D:1      | Reached XP level 1. HP: 11/11 MP: 2/2
    89 | D:1      | Reached XP level 2. HP: 16/16 MP: 3/3
   149 | D:1      | Reached skill level 2 in Axes
   409 | D:1      | Reached XP level 3. HP: 15/19 MP: 4/4
   996 | D:1      | Gained mutation: Your spells are a little harder to cast, but a little more powerful. [potion of mutation]
   996 | D:1      | Gained mutation: You expend magic power (3 MP) to strengthen your wands. [potion of mutation]
   996 | D:1      | Gained mutation: You have sharp toenails. [potion of mutation]
  1198 | D:2      | Gained mutation: Your natural rate of healing is unusually fast. [Vine Stalker growth]
  1198 | D:2      | Reached XP level 4. HP: 22/23 MP: 2/5
  1246 | D:2      | Reached skill level 3 in Axes
  1593 | D:3      | Reached skill level 1 in Stealth
  1699 | D:3      | Reached XP level 5. HP: 21/28 MP: 4/6
  2118 | D:3      | Noticed Jessica
  2123 | D:3      | Killed Jessica
  2152 | D:3      | Noticed a black bear
  2156 | D:3      | Killed a black bear
  2156 | D:3      | Reached skill level 4 in Axes
  2156 | D:3      | Reached XP level 6. HP: 28/32 MP: 7/7
  2293 | D:3      | Noticed Grinder
  2303 | D:3      | Killed Grinder
  2303 | D:3      | Reached XP level 7. HP: 34/36 MP: 5/8
  2318 | D:3      | Found a runed door.
  2322 | D:3      | Noticed Crazy Yiuf
  2324 | D:3      | Killed Crazy Yiuf
  2324 | D:3      | Reached skill level 5 in Axes
  2560 | D:3      | Noticed a moth of wrath
  2563 | D:3      | Found a bloodstained altar of Trog.
  2674 | D:4      | Noticed Robin
  2708 | D:4      | Killed Robin
  3001 | D:4      | Got a pair of faintly humming boots
  3007 | D:4      | Identified the +0 pair of boots of Dyspraxia {rPois} (You found it on level 4 of the Dungeon)
  3016 | D:4      | Noticed Sigmund
  3029 | D:4      | Killed Sigmund
  3029 | D:4      | Reached skill level 1 in Dodging
  3081 | D:5      | Entered Level 5 of the Dungeon
  3086 | D:5      | Gained mutation: You have razor-sharp teeth. [Vine Stalker growth]
  3086 | D:5      | Reached XP level 8. HP: 40/42 MP: 9/9
  3187 | D:5      | Noticed Blork the orc
  3193 | D:5      | Killed Blork the orc
  3193 | D:5      | Reached skill level 6 in Axes
  3324 | D:5      | Found a staircase to the Ecumenical Temple.
  3391 | Temple   | Entered the Ecumenical Temple
  3888 | D:6      | Reached skill level 7 in Axes
  3998 | D:6      | Noticed Menkaure
  4016 | D:6      | Killed Menkaure
  4195 | D:6      | Reached XP level 9. HP: 46/46 MP: 10/10
  4199 | D:6      | Noticed Prince Ribbit
  4340 | D:6      | Noticed Edmund
  4351 | D:6      | Killed Edmund
  4392 | D:6      | Killed Prince Ribbit
  4392 | D:6      | Reached skill level 5 in Fighting
  4392 | D:6      | Reached skill level 8 in Axes
  4872 | D:7      | Reached skill level 5 in Armour
  4923 | D:7      | Reached skill level 5 in Shields
  5559 | D:7      | Found an iron altar of Okawaru.
  5559 | D:7      | Found a basalt altar of Yredelemnul.
  5564 | D:7      | Found a glowing golden altar of the Shining One.
  5568 | D:7      | Became a worshipper of Warmaster Okawaru
  5571 | D:7      | Found a faded altar of an unknown god.
  5573 | D:7      | Found a faded altar of an unknown god.
  5829 | D:8      | Noticed a two-headed ogre
  5840 | D:8      | Killed a two-headed ogre
  5840 | D:8      | Reached * piety under Okawaru
  5840 | D:8      | Reached skill level 9 in Axes
  5840 | D:8      | Reached XP level 10. HP: 29/52 MP: 4/11
  6022 | D:8      | Noticed Gastronok
  6070 | D:8      | Killed Gastronok
  6070 | D:8      | Reached ** piety under Okawaru
  6122 | D:8      | Noticed Pikel
  6146 | D:8      | Killed Pikel
  6159 | D:8      | Reached skill level 10 in Axes
  6252 | D:8      | Noticed Psyche
  6276 | D:8      | Killed Psyche
  6276 | D:8      | Reached *** piety under Okawaru
  6276 | D:8      | Reached XP level 11. HP: 56/56 MP: 5/12
  6419 | D:8      | Found a glowing silver altar of Zin.
  6467 | D:9      | Found Kiwoaxep's Assorted Antiques.
  6474 | D:9      | Lost mutation: You expend magic power (3 MP) to strengthen your wands. [potion of mutation]
  6474 | D:9      | Lost mutation: You have sharp toenails. [potion of mutation]
  6474 | D:9      | Gained mutation: You have large cloven feet. [potion of mutation]
  6474 | D:9      | Gained mutation: Your mind is acute. (Int +2) [potion of mutation]
  6474 | D:9      | Gained mutation: You can translocate small distances at will. [potion of mutation]
  6530 | D:9      | Found a staircase to the Lair.
  6619 | D:9      | Found a hide-covered altar of Uskayaw.
  6653 | D:9      | Reached **** piety under Okawaru
  6849 | D:9      | Found a shimmering altar of Xom.
  6919 | D:9      | Noticed a two-headed ogre
  6939 | D:9      | Killed a two-headed ogre
  7203 | D:9      | Bought a glass ring for 155 gold pieces
  7203 | D:9      | Bought an ivory ring for 155 gold pieces
  7229 | Lair:1   | Entered Level 1 of the Lair of Beasts
  7237 | Lair:1   | Got a smoking plate armour
  7248 | Lair:1   | Identified the +10 plate armour of Poor Excuses {rPois Slay+2 Stlth+} (You found it on level 1 of the Lair of Beasts)
  7299 | Lair:1   | Noticed an eight-headed hydra
  7309 | Lair:1   | Killed an eight-headed hydra
  7541 | Lair:1   | Reached skill level 1 in Maces & Flails
  7545 | Lair:1   | Reached skill level 11 in Axes
  7647 | Lair:1   | Reached ***** piety under Okawaru
  7742 | Lair:1   | Gained mutation: You heal very quickly. [Vine Stalker growth]
  7742 | Lair:1   | Reached XP level 12. HP: 63/63 MP: 13/13
  9107 | Lair:2   | Reached skill level 12 in Axes
  9398 | Lair:2   | Noticed a four-headed hydra
  9405 | Lair:2   | Killed a five-headed hydra
  9409 | Lair:2   | Received a gift from Okawaru
 10027 | Lair:3   | Noticed an eight-headed hydra
 10036 | Lair:3   | Killed an eight-headed hydra
 10046 | Lair:3   | Found a dark tunnel.
 10082 | Volcano  | Entered a volcano
 10162 | Volcano  | Reached XP level 13. HP: 66/70 MP: 14/14
 10428 | Lair:3   | Noticed Snorg
 10447 | Lair:3   | Killed Snorg
 10519 | Lair:3   | Found a staircase to the Snake Pit.
 11440 | Lair:3   | Got a smoking ring mail
 11451 | Lair:3   | Identified the +1 ring mail of Pumac {rPois} (You found it on level 3 of the Lair of Beasts)
 11502 | Lair:4   | Reached skill level 1 in Evocations
 11598 | Lair:4   | Reached skill level 10 in Shields
 11621 | Lair:4   | Reached ****** piety under Okawaru
 11624 | Lair:4   | Reached skill level 1 in Invocations
 11740 | Lair:4   | Found a staircase to the Swamp.
 12101 | Lair:4   | Received a gift from Okawaru
 12474 | Lair:5   | Reached skill level 13 in Axes
 12909 | Lair:5   | HP: 1/70 [tyrant leech (6)]
 13200 | Lair:5   | Reached XP level 14. HP: 75/75 MP: 16/16
 13504 | Lair:6   | Entered Level 6 of the Lair of Beasts
 13602 | Lair:6   | Found a staircase to the Slime Pits.
 13762 | Lair:6   | Received a gift from Okawaru
 13766 | Lair:6   | Got an ancient buckler {god gift}
 13777 | Lair:6   | Identified the +2 buckler of Gybo Yco {rElec Str+2 Int+4 Dex-4} (Okawaru gifted it to you on level 6 of the Lair of Beasts)
 13956 | Lair:6   | Reached skill level 14 in Axes
 14371 | Lair:6   | Reached skill level 10 in Fighting
 14464 | Lair:6   | Received a gift from Okawaru
 14511 | Lair:6   | Got a scorched mace
 14512 | Lair:6   | Identified the cursed +1 mace of Arbitration {crush, *Slow rPois rN+ Dex+4} (You found it on level 6 of the Lair of Beasts)
 15292 | Lair:3   | You are sucked into a shaft!
 15374 | Snake:1  | Entered Level 1 of the Snake Pit
 15824 | Snake:1  | Reached XP level 15. HP: 46/80 MP: 12/17
 17578 | Snake:3  | Received a gift from Okawaru
 17584 | Snake:3  | Reached skill level 15 in Axes
 17592 | Snake:3  | Got a distressingly furry ring mail {god gift}
 17635 | Snake:3  | Identified the +0 ring mail "Goskocah" {rN+ rCorr Dex-3} (Okawaru gifted it to you on level 3 of the Snake Pit)
 17998 | Lair:1   | Got a flickering bone amulet
 18042 | Lair:1   | Identified the amulet of Errysiol {RegenMP rPois MR+ Dex+4 SInv} (You found it on level 1 of the Lair of Beasts)
 18741 | Snake:4  | Entered Level 4 of the Snake Pit
 18741 | Snake:4  | Noticed a nagaraja
 18741 | Snake:4  | Noticed a nagaraja
 18759 | Snake:4  | Noticed a nagaraja
 18956 | Snake:4  | Noticed Aizul
 19050 | Snake:4  | Killed Aizul
 19192 | Snake:4  | Reached XP level 16. HP: 86/86 MP: 19/19
 19220 | Snake:4  | Killed a nagaraja
 19220 | Snake:4  | Received a gift from Okawaru
 19572 | Snake:4  | HP: 3/87 [nagaraja/bolt of poison (8)]
 19809 | Snake:4  | Killed a nagaraja
 20135 | Snake:4  | Killed a nagaraja
 20138 | Snake:4  | Noticed a nagaraja
 20146 | Snake:4  | Noticed Asterion
 20190 | Snake:3  | Killed a nagaraja
 20403 | Snake:4  | Killed from afar by a balrug

Vault maps used:
D:1:      kilobyte_arrival_exit_the_forest
D:3:      tgw_trog, uniq_crazy_yiuf_cottage, uniq_jessica, uniq_grinder
D:4:      uniq_robin, uniq_sigmund
D:5:      minmay_temple_entry_overgrown, first_ration, uniq_blork_the_orc
D:6:      uniq_menkaure, uniq_prince_ribbit1, uniq_edmund
D:7:      chequers_temple_overflow_minitemple
D:8:      zin_scriptorium, uniq_gastronok, uniq_psyche, uniq_pikel
D:9:      xom_teletrap_fun, eat_drink_and_be_merry_uskayaw, david_lair_generic,
          serial_shops, shop
Temple:   nicolae_temple_elliptical
Lair:1:   minivault_23, grunt_forest_large_clearings, lemuel_fruit_tree,
          grunt_megastairs_4, infiniplex_staircase_pool,
          minmay_lair_oklob_chamber
Lair:3:   minmay_snake_entry_six_corridors, nicolae_volcano_entry_two_sided,
          uniq_snorg
Lair:4:   beast_lair_carwin_large_1, swamp_mist, st_stairs_7,
          lemuel_fruit_fields
Lair:5:   worms_lemuel, grunt_megastairs_3
Lair:6:   grunt_lair_end_beastmaster, minmay_slime_entry_pillars, minivault_27,
          minivault_27, grunt_megastairs_1
Snake:1:  nicolae_snake_shapes
Snake:4:  snake_hunt, grunt_ministairs_8, hangedman_snake_corridor_cut,
          uniq_asterion, uniq_aizul
Volcano:  volcano_pools

Skill      XL: |  1  2  3  4  5  6  7  8  9 10 11 12 13 14 15 16 |
---------------+-------------------------------------------------+-----
Axes           | 2 3 4 5 7 9 10 11 12 13 14 15 | 15.9
Shields        | 3 4 5 6 7 9 10 11 12 13 | 13.3
Armour         | 3 4 5 6 7 8 9 |  9.5
Fighting       | 3 4 5 6 7 8 9 10 11 | 11.2
Stealth        | 1 2 3 |  3.4
Dodging        | 1 2 3 4 |  4.1
Maces & Flails | 1 3 4 |  4.5
Evocations     | 1 |  1.7
Invocations    | 1 2 3 |  3.4

Action                   |  1- 3 |  4- 6 |  7- 9 | 10-12 | 13-15 | 16-18 || total
-------------------------+-------+-------+-------+-------+-------+-------++-------
Melee: War axe           |   101 |    92 |   157 |   142 |   971 |   237 ||  1700
       Bite              |    23 |    26 |   135 |   307 |   490 |   102 ||  1083
       Kick              |     9 |    24 |    17 |       |       |       ||    50
       Hand axe          |       |       |   163 |   438 |       |       ||   601
       Morningstar       |       |       |       |    50 |    27 |       ||    77
 Fire: Hand crossbow     |       |       |       |       |     2 |       ||     2
Invok: Heroism           |       |       |       |     5 |    36 |     7 ||    48
       Finesse           |       |       |       |       |     5 |     2 ||     7
 Abil: Blink             |       |       |       |       |     1 |     3 ||     4
Evoke: Wand              |       |       |     3 |     1 |    21 |       ||    25
  Use: Scroll            |     3 |       |    12 |     3 |    11 |    10 ||    39
       Potion            |     1 |     1 |       |     1 |       |       ||     3
 Stab: Petrified         |       |       |       |       |     6 |       ||     6
  Eat: Chunk             |     1 |     3 |     9 |     6 |     9 |       ||    28
       Ration            |       |       |     3 |     5 |     5 |     2 ||    15
Armor: Scale mail        |    59 |    34 |   103 |    47 |       |       ||   243
       Plate armour      |       |       |       |   198 |   356 |    94 ||   648
       Ring mail         |       |       |       |       |     2 |       ||     2
Dodge: Dodged            |    36 |    35 |   105 |   168 |   254 |    82 ||   680
Block: Shield            |    64 |    38 |   199 |   550 |   870 |   113 ||  1834
       Reflection        |       |       |       |     2 |    40 |    17 ||    59
       Buckler           |       |       |       |       |    56 |    78 ||   134

Table legend:
 A = Spawn XP
 B = Non-spawn XP
 C = Spawn XP percentage of total XP
 D = Spawn monster count
 E = Non-spawn monster count
 F = Spawn count percentage of total count
 G = Total turns spent on level
                    A         B        C        D         E        F      G
               +---------+---------+-------+---------+---------+-------+---------
         Total |       0 |  154871 |   0.0 |       0 |     612 |   0.0 | 20403
               +---------+---------+-------+---------+---------+-------+---------
           D:1 |       0 |      45 |   0.0 |       0 |      24 |   0.0 |  1048
           D:2 |       0 |      79 |   0.0 |       0 |      26 |   0.0 |   481
           D:3 |       0 |     634 |   0.0 |       0 |      34 |   0.0 |  1137
           D:4 |       0 |     428 |   0.0 |       0 |      23 |   0.0 |   450
           D:5 |       0 |     452 |   0.0 |       0 |      13 |   0.0 |   713
           D:6 |       0 |    1662 |   0.0 |       0 |      25 |   0.0 |   817
           D:7 |       0 |    1185 |   0.0 |       0 |      21 |   0.0 |  1105
           D:8 |       0 |    4862 |   0.0 |       0 |      21 |   0.0 |   749
           D:9 |       0 |    3489 |   0.0 |       0 |      25 |   0.0 |   808
        Lair:1 |       0 |    7269 |   0.0 |       0 |      45 |   0.0 |  2303
        Lair:2 |       0 |    7983 |   0.0 |       0 |      34 |   0.0 |  1482
        Lair:3 |       0 |    9585 |   0.0 |       0 |      29 |   0.0 |  1772
        Lair:4 |       0 |    8874 |   0.0 |       0 |      36 |   0.0 |  1004
        Lair:5 |       0 |    9776 |   0.0 |       0 |      36 |   0.0 |  1091
        Lair:6 |       0 |   25822 |   0.0 |       0 |      73 |   0.0 |  1190
       Snake:1 |       0 |   10841 |   0.0 |       0 |      19 |   0.0 |   651
       Snake:2 |       0 |    5675 |   0.0 |       0 |      10 |   0.0 |   808
       Snake:3 |       0 |   18046 |   0.0 |       0 |      36 |   0.0 |  1144
       Snake:4 |       0 |   34572 |   0.0 |       0 |      74 |   0.0 |  1184
       Volcano |       0 |    3592 |   0.0 |       0 |       8 |   0.0 |   323
               +---------+---------+-------+---------+---------+-------+---------
